 Dungeon Crawl Stone Soup version 0.30.0-29-ga12c61a403 (webtiles) character file.

Game seed: 13482129356236456404

97734 monsoonserge the Impaler (level 16, -5/139 (145) HPs)
             Began as a Meteoran Fighter on June 17, 2023.
             Was the Champion of Jiyva.
             Succumbed to poison (poison gas)
             ... on level 3 of the Swamp.
             The game lasted 01:43:47 (9982 turns).

monsoonserge the Impaler (Meteoran Fighter)         Turns: 9982, Time: 01:43:48

HP:   -5/139 (145)  AC: 27    Str: 30    XL:     16   Next: 80%
MP:   17/17         EV: 14    Int: 10    God:    Jiyva [******]
Gold: 1110          SH:  7    Dex: 14    Spells: 15/15 levels left

rFire   + . .        a - +8 mithril axe "Arga" {speed, Will+}
rCold   + + .        j - +1 buckler {reflect}
rNeg    . . .        V - +4 chain mail "Upteitsa" {rElec Will+ Int-2}
rPois   .            (helmet restricted)
rElec   +            (no cloak)
rCorr   +            p - +2 pair of gloves
SInv    .            S - +0 pair of boots
Will    +++++        (no amulet) Stlth
                     A - ring of protection from fire
HPRegen 2.03/turn    T - +6 ring of strength
MPRegen 0.65/turn

%: reflection
@: lethally poisoned (-5 -> -22), glowing, lightly drained
A: sense surroundings 2, otherworldly, glowing, explore regen, horns 1,
iridescent scales 2, cold resistance 2, strong-willed 3, mutation resistance 1,
gelatinous body 2, MP-powered wands, engulf
}: 1/15 runes: slimy
a: Renounce Religion, Oozemancy, Slimify


You were on level 3 of the Swamp.
You worshipped Jiyva.
Jiyva was exalted by your worship.
You visited 4 branches of the dungeon, and saw 23 of its levels.
You also visited: Sewer and Ossuary.

You collected 1110 gold pieces.

Inventory:

Hand Weapons
 a - the +8 mithril axe "Arga" (weapon) {speed, Will+}
   (You found it on level 5 of the Pits of Slime)

   Will:      It increases your willpower.
 b - the +3 sling of the Dead {heavy, rElec rCorr Dex+3}
   (You found it on level 5 of the Pits of Slime)

   Dex:       It affects your dexterity (+3).
   rElec:     It insulates you from electricity.
   rCorr:     It protects you from acid and corrosion.
 t - the +10 spear "Meceott" {spect, rN+}
   (You found it on level 3 of the Dungeon)

   rN:        It protects you from negative energy.
 W - the +7 shortbow of Ofucrail {heavy, rPois Int+4 SInv}
   (You found it on level 5 of the Pits of Slime)

   Int:       It affects your intelligence (+4).
   rPois:     It protects you from poison.
   SInv:      It lets you see invisible.
 Y - the +4 trident of the Wary Geomancers {heavy, Str+3 Dex+5}
   (You found it on level 5 of the Pits of Slime)

   Str:       It affects your strength (+3).
   Dex:       It affects your dexterity (+5).
Missiles
 f - 5 atropa-tipped darts
 x - 21 poisoned darts (quivered)
 N - 2 throwing nets
 P - 2 curare-tipped darts
Armour
 c - +0 swamp dragon scales
 i - the +0 scale mail "Mueg" {Rampage rPois Int+2 Dex+5}
   (You found it on level 2 of the Swamp)

   Int:       It affects your intelligence (+2).
   Dex:       It affects your dexterity (+5).
   rPois:     It protects you from poison.
   Rampage:   It bestows one free step when moving towards enemies.
 j - a +1 buckler of reflection (worn)
 p - a +2 pair of gloves (worn)
 s - a +1 helmet
 y - a +0 pair of gloves
 S - a +0 pair of boots (worn)
 V - the +4 chain mail "Upteitsa" (worn) {rElec Will+ Int-2}
   (You found it on level 5 of the Pits of Slime)

   Int:       It affects your intelligence (-2).
   rElec:     It insulates you from electricity.
   Will:      It increases your willpower.
Jewellery
 A - a ring of protection from fire (left hand)
 B - a ring of positive energy
 J - the ring of the Mage {Wiz Archmagi}
   (You found it on level 4 of the Swamp)

   [ring of wizardry]

   It improves your spell success rate.
   Archmagi:  It increases the power of your magical spells.
 T - a +6 ring of strength (right hand)
 U - a ring of protection from cold
Wands
 K - a wand of digging (6)
 M - a wand of paralysis (18)
 O - a wand of mindburst (46)
 Q - a wand of polymorph (4)
 Z - a wand of roots (17)
Scrolls
 e - 3 scrolls of enchant armour {unknown}
 h - 4 scrolls of blinking
 l - 3 scrolls of magic mapping
 m - 2 scrolls of silence {unknown}
 o - 4 scrolls of fear
 q - 2 scrolls of torment
 u - 7 scrolls of teleportation
 C - 4 scrolls of fog {unknown}
 E - 3 scrolls of identify
 G - 2 scrolls of poison {unknown}
 I - 4 scrolls of amnesia {unknown}
 R - a scroll of immolation {unknown}
Potions
 d - 2 potions of might
 g - 3 potions of heal wounds
 k - 2 potions of attraction
 n - a potion of ambrosia {unknown}
 r - 2 potions of curing
 v - 3 potions of flight
 w - a potion of haste
 z - 3 potions of lignification
 F - a potion of brilliance {unknown}
 H - 3 potions of degeneration {unknown}
 X - 3 potions of berserk rage
Miscellaneous
 D - a phantom mirror


   Skills:
 + Level 13.8 Fighting
 * Level 14.7(18.4) Axes
 + Level 18.1(20.1) Polearms
 + Level 2.3 Ranged Weapons
 + Level 2.3 Throwing
 + Level 11.1 Armour
 + Level 7.9 Dodging
 + Level 4.4 Stealth
 + Level 9.9 Shields
 + Level 6.5 Evocations


You had 15 spell levels left.
You didn't know any spells.
Your spell library contained the following spells:

 Spells                   Type           Power      Damage    Failure   Level
 Beastly Appendage        Tmut           0%         N/A       80%         1
 Summon Small Mammal      Summ           0%         N/A       80%         1
 Wereblood                Tmut           0%         N/A       90%         2
 Call Canine Familiar     Summ           0%         N/A       99%         3
 Dazzling Flash           Conj/Hex       0%         N/A       99%         3
 Hailstorm                Conj/Ice       0%         3d3       99%         3
 Inner Flame              Hex/Fire       0%         N/A       99%         3
 Spider Form              Tmut/Pois      0%         N/A       99%         3
 Summon Guardian Golem    Hex/Summ       0%         N/A       99%         3
 Vhi's Electric Charge    Tloc/Air       0%         N/A       99%         3
 Volatile Blastmotes      Fire/Tloc      0%         2d10      99%         3
 Ice Form                 Ice/Tmut       0%         N/A       100%        4
 Iskenderun's Mystic Bla  Conj/Tloc      0%         2d3       100%        4
 Arcjolt                  Conj/Air       0%         1d10      100%        5
 Yara's Violent Unravell  Hex/Tmut       0%         3d3       100%        5
 Plasma Beam              Fire/Air       0%         2x1d11    100%        6
 Simulacrum               Ice/Necr       0%         N/A       100%        6
 Starburst                Conj/Fire      0%         6d3       100%        6
 Enfeeble                 Hex            0%         N/A       100%        7


Dungeon Overview and Level Annotations

Branches:
Dungeon (9/15) Zot: 1401   Temple (0/1) D:5            Lair (5/5) D:9 Zot: 661
  Swamp (4/4) Lair:3 Zot: 496   Snake (0/4) Lair:2        Slime (5/5) Lair:5 Zot: 2409
    Orc (0/2) D:9           Sewer (visited)         Ossuary (visited)

Altars:
Elyvilon
Fedhas
Hepliaklqana
Makhleb
Trog
Xom
Jiyva

Shops:
D:6 (

Portals:
Abyss: Swamp:1

Annotations:
D:5 exclusion: oklob plant
D:8 3 runed translucent doors, cdecastro's ghost, novice MiHu
Swamp:1 2 transporters, seaoflcl's ghost, journeyman MiFi
Swamp:2 3 runed translucent doors, Renzlar's ghost, journeyman GnFi
Slime:5 Royal Jelly


Innate Abilities, Weirdness & Mutations

You passively map the area around you.
You are easily found by Zot.
You glow in the dark.
You regain HP and MP as you explore.
You have a pair of small horns on your head.
You are mostly covered in iridescent scales. (AC +4)
Your flesh is very cold resistant. (rC++)
You are extremely strong-willed. (Will+++)
You are somewhat resistant to further mutation.
Your pliable body absorbs attacks. (AC +2, EV +2)
You expend magic power (3 MP) to strengthen your wands.
Your melee attacks may engulf your foes in ooze.


Message History

You block the spectral seven-headed hydra's attack.
The spectral seven-headed hydra bites you.
* * * LOW HITPOINT WARNING * * *
The spectral seven-headed hydra misses you.
The swamp dragon closely misses you. The swamp dragon claws you.
* * * LOW HITPOINT WARNING * * *
The swamp dragon closely misses you.
You slice the swamp dragon!!
You kill the swamp dragon!
You slice the death drake zombie!!
You slash the spectral seven-headed hydra!
You are engulfed in poison gas.
You are lethally poisoned!
* * * LOW HITPOINT WARNING * * *
x2 You feel very sick.
The death drake zombie bites you but does no damage.
You feel much better.
You are engulfed in poison gas.
You are lethally poisoned!
* * * LOW HITPOINT WARNING * * *
x2 You feel extremely sick.
You block the spectral seven-headed hydra's attack.
The spectral seven-headed hydra bites you but does no damage.
The spectral seven-headed hydra barely misses you.
The spectral seven-headed hydra bites you but does no damage.
The spectral seven-headed hydra closely misses you.
The spectral seven-headed hydra bites you but does no damage. x2
You block the death drake zombie's attack.
Press: ? - help, v - describe, . - travel
Here: a spectral seven-headed hydra (poison gas, heavily damaged)
The floor.
Blink to where?
Press: ? - help, Dir - move target
As you read the scroll of blinking, it crumbles to dust.
* * * LOW HITPOINT WARNING * * *
You feel extremely sick.
* * * LOW HITPOINT WARNING * * *
You feel extremely sick.
You block the death drake zombie's attack.
You climb upwards.
You die...

~~~..§~~.♣.~....♣
♣~~~~~§..♣♣♣..~
~~~~~~~~~♣~~~...♣
♣♣~~~.~~.~♣~.~~
§~~~.~~...~~~...♣♣
♣♣~.~~...♣♣.~~
~~~~....~.~J~.~..♣
♣♣<~~~.~.~.~~
~~~..~.~~~~~~.♣♣♣♣
♣~.~..~.~♣.~
..♣♣♣♣.~~~~~~.~~~♣♣♣
♣♣~.♣♣~....~
~♣~♣♣♣~.~~~~~.~...~♣ ♣♣♣♣
♣♣.††~~
~~.~♣♣♣.J~~~~~~♣..~♣♣♣..♣♣
♣♣~.~~ ~~.♣♣
♣.§~~~~~.~@.....~~.♣ ♣♣†~~
~.♣♣ ♣♣♣~.~§~..~~..~~~~.♣
♣.~§ .♣♣
♣♣.~~~..~~~.~~~~♣♣ ♣.~~
~♣♣ ♣♣~~~.♣....~~~.♣♣ ♣.~~
.~♣♣♣ ♣♣♣♣♣♣.~..~....♣♣
♣~~~ ..♣~♣♣♣ ♣♣♣♣♣
♣.~..~~~.~§♣♣♣♣~.~
~.~..~♣♣♣♣.~~~
♣....~~♣♣~~♣♣~...~
..♣♣♣.~♣
..~~.♣♣~.~~.♣♣♣..♣.~~...
.♣♣♣~~~♣♣
♣.~..~~.~~♣♣♣.~..~~~~.~


There were no monsters in sight!

Vanquished Creatures
  A tentacled monstrosity (Swamp:3)
  A fenstrider witch (Swamp:4)
  6 eleionomae
  A vampire knight (Swamp:4)
  4 bunyips
  2 shambling mangroves
  10 hydras
  A ghost crab (Swamp:2)
  A boulder beetle (Lair:3)
  3 catoblepae (Lair:5)
  14 death yaks
  9 alligators
  Amaemon (Lair:2)
  A fire crab (Lair:3)
  8 goliath frogs
  4 bog bodies
  A spriggan druid (Swamp:1)
  A spectral hydra (Swamp:4)
  A lindwurm (Lair:5)
  9 swamp dragons
  An ugly thing (D:6)
  5 will-o-the-wisps
  2 manticores (Lair:5)
  3 black mambas
  9 cane toads
  An orange demon (Lair:2)
  2 rime drakes
  3 komodo dragons
  A troll (D:6)
  A hydra zombie (Swamp:4)
  6 tyrant leeches
  15 blink frogs
  10 hornets
  A polar bear (Lair:2)
  7 dream sheep (Lair:2)
  10 spriggans
  9 wyverns
  A wraith (Ossuary)
  43 yaks
  2 basilisks
  13 vampire mosquitoes
  19 swamp worms
  4 wargs (D:9)
  A hydra simulacrum (Swamp:4)
  An acid dragon (D:9)
  19 water moccasins
  3 orc warriors
  5 swamp drakes
  2 sky beasts
  4 black bears
  An ice beast (D:6)
  An ogre (D:4)
  6 wolves
  A centaur (D:5)
  2 phantoms
  2 kobold brigands (D:9)
  7 bullfrogs
  2 gnoll sergeants
  4 scorpions
  An elf skeleton (D:7)
  3 wights (D:6)
  A killer bee (D:9)
  5 howler monkeys
  2 hounds (D:5)
  3 orc priests
  2 gnoll boudas (D:7)
  Jessica (D:3)
  7 sleepcaps
  2 human skeletons (D:7)
  4 iguanas
  3 orc wizards
  2 mummies (Ossuary)
  11 gnolls
  11 adders
  3 white imps
  An ufetubus (D:5)
  A dart slug (D:4)
  47 orcs
  3 bats
  5 endoplasms
  11 giant cockroaches
  7 goblins
  5 hobgoblins
  A jackal (D:1)
  10 quokkas
  8 ball pythons
  5 frilled lizards
  4 goblin zombies (Ossuary)
  2 hobgoblin zombies (Ossuary)
  16 kobolds
  A kobold zombie (Ossuary)
  3 orc skeletons (D:7)
  3 orc zombies (Ossuary)
  A rat (D:3)
503 creatures vanquished.

Vanquished Creatures (collateral kills)
  Jorgrun (Swamp:1)
  An iguana (Lair:3)
2 creatures vanquished.

Vanquished Creatures (others)
  A spriggan druid (Swamp:4)
  A cane toad (Lair:2)
  A bloated husk (Swamp:2)
  A steam dragon (shapeshifter) (D:9)
  3 water moccasins
  An ogre (D:6)
  2 kobold brigands
  29 jellies
  An orc priest (D:8)
  A sleepcap (D:6)
  An orc wizard (D:8)
  4 adders
  A gnoll (D:7)
  2 endoplasms (D:4)
  7 orcs
  A hobgoblin (D:3)
  4 kobolds
  A ball python (D:3)
  A goblin zombie (Ossuary)
  A rat (D:3)
  24 foxfires
  2 spectral weapons
90 creatures vanquished.

Grand Total: 595 creatures vanquished

Notes
Turn   | Place    | Note
-------+----------+-------------------------------------------
     0 | D:1      | monsoonserge the Meteoran Fighter began the quest for the
                  | Orb.
     0 | D:1      | Reached XP level 1. HP: 19/19 MP: 2/2
    60 | D:1      | Reached XP level 2. HP: 21/26 MP: 3/3
   234 | D:1      | Reached XP level 3. HP: 29/31 MP: 4/4
   654 | D:3      | Reached XP level 4. HP: 39/40 MP: 5/5
   716 | D:3      | Found a faded altar of an unknown god.
   719 | D:3      | Found a burning altar of Makhleb.
   723 | D:3      | Prayed at the altar of an unknown god.
   723 | D:3      | Became a worshipper of Jiyva Joupp the Shapeless
   723 | D:3      | Reached * piety under Jiyva
   771 | D:3      | Noticed Jessica
   775 | D:3      | Killed Jessica
   805 | D:3      | Identified the +10 spear "Meceott" {spect, rN+}
  1013 | D:4      | Reached XP level 5. HP: 47/47 MP: 6/6
  1039 | D:4      | Noticed an ogre
  1049 | D:4      | Killed an ogre
  1050 | D:4      | Reached skill level 5 in Fighting
  1050 | D:4      | Reached skill level 1 in Dodging
  1050 | D:4      | Reached XP level 6. HP: 43/56 MP: 7/7
  1103 | D:4      | Reached skill level 1 in Polearms
  1117 | D:4      | Reached skill level 5 in Armour
  1131 | D:4      | Reached ** piety under Jiyva
  1170 | D:5      | Entered Level 5 of the Dungeon
  1310 | D:5      | Noticed a black bear
  1315 | D:5      | Killed a black bear
  1316 | D:5      | Reached XP level 7. HP: 57/62 MP: 8/8
  1379 | D:5      | Reached skill level 2 in Polearms
  1534 | D:5      | Reached XP level 8. HP: 71/71 MP: 9/9
  1552 | D:5      | Found a staircase to the Ecumenical Temple.
  1629 | D:5      | Found a blossoming altar of Fedhas.
  1641 | D:5      | Noticed an oklob plant
  1746 | D:6      | Found a glowing drain.
  1756 | Sewer    | Entered a sewer
  1806 | Sewer    | Reached *** piety under Jiyva
  2009 | Sewer    | Reached skill level 3 in Polearms
  2011 | Sewer    | Reached skill level 1 in Evocations
  2169 | Sewer    | Glimpsed the power of Zot.
  2213 | Sewer    | Glimpsed the power of Zot.
  2291 | D:6      | Reached skill level 4 in Polearms
  2302 | D:6      | Found Susin's Weapon Shop.
  2312 | D:6      | Reached skill level 5 in Polearms
  2325 | D:6      | Gained mutation: You are somewhat resistant to further
                  | mutation. [Jiyva's grace]
  2325 | D:6      | Gained mutation: You are somewhat resistant to both further
                  | mutation and mutation removal. [Jiyva's grace]
  2325 | D:6      | Gained mutation: You are almost entirely resistant to
                  | further mutation and mutation removal. [Jiyva's grace]
  2325 | D:6      | Gained mutation: You are partially covered in iridescent
                  | scales. (AC +2) [Jiyva's grace]
  2352 | D:6      | Noticed a troll
  2382 | D:6      | Gained mutation: You passively map the area around you.
                  | [Meteoran growth]
  2382 | D:6      | Reached XP level 9. HP: 75/78 MP: 10/10
  2394 | D:6      | Reached skill level 6 in Polearms
  2421 | D:6      | Reached skill level 7 in Polearms
  2476 | D:6      | Killed a troll
  2477 | D:6      | Reached skill level 8 in Polearms
  2477 | D:6      | Reached skill level 1 in Stealth
  2488 | D:6      | Noticed a purple ugly thing
  2495 | D:6      | Killed a purple ugly thing
  2496 | D:6      | Reached skill level 9 in Polearms
  2496 | D:6      | Reached skill level 1 in Throwing
  2496 | D:6      | Reached XP level 10. HP: 68/84 MP: 11/11
  2687 | D:7      | Reached **** piety under Jiyva
  2804 | D:7      | Identified the +9 dagger of Past Mistakes {heavy, Contam
                  | rElec rF+++ Int-2}
  2984 | D:7      | Reached ***** piety under Jiyva
  2995 | D:7      | Found a sand-covered staircase.
  3014 | Ossuary  | Entered an ossuary
  3078 | Ossuary  | Reached skill level 10 in Polearms
  3732 | D:8      | Found a white marble altar of Elyvilon.
  3817 | D:8      | Reached skill level 5 in Shields
  3821 | D:8      | Reached skill level 11 in Polearms
  3887 | D:8      | Found a runed translucent gate.
  3887 | D:8      | Found a runed translucent gate.
  3887 | D:8      | Found a runed translucent gate.
  3891 | D:8      | Noticed cdecastro's ghost (novice MiHu)
  3980 | D:8      | Found a bloodstained altar of Trog.
  3989 | D:8      | Gained mutation: You passively map a large area around you.
                  | [Jiyva's grace]
  3989 | D:8      | Gained mutation: You are resistant to electric shocks.
                  | (rElec) [Jiyva's grace]
  3989 | D:8      | Gained mutation: You are mostly covered in iridescent
                  | scales. (AC +4) [Jiyva's grace]
  3989 | D:8      | Gained mutation: You are completely covered in iridescent
                  | scales. (AC +6) [Jiyva's grace]
  4304 | D:9      | Found a staircase to the Lair.
  4316 | D:9      | Reached skill level 12 in Polearms
  4318 | D:9      | Reached XP level 11. HP: 81/93 MP: 12/12
  4386 | D:9      | Found a staircase to the Orcish Mines.
  4450 | D:9      | Found a shimmering altar of Xom.
  4451 | D:9      | Found a shimmering altar of Xom.
  4451 | D:9      | Found a shimmering altar of Xom.
  4451 | D:9      | Found a shimmering altar of Xom.
  4452 | D:9      | Found a shimmering altar of Xom.
  4452 | D:9      | Found a shimmering altar of Xom.
  4452 | D:9      | Found a shimmering altar of Xom.
  4596 | D:9      | Found a hazy altar of Hepliaklqana.
  4608 | D:9      | Reached ****** piety under Jiyva
  4823 | Lair:1   | Entered Level 1 of the Lair of Beasts
  4960 | Lair:1   | Reached skill level 13 in Polearms
  5418 | Lair:2   | Gained mutation: Your melee attacks may engulf your foes in
                  | ooze. [Jiyva's grace]
  5418 | Lair:2   | Gained mutation: Your flesh is cold resistant. (rC+)
                  | [Jiyva's grace]
  5418 | Lair:2   | Gained mutation: Your flesh is very cold resistant. (rC++)
                  | [Jiyva's grace]
  5418 | Lair:2   | Gained mutation: Your flesh is almost immune to the effects
                  | of cold. (rC+++) [Jiyva's grace]
  5427 | Lair:2   | Reached skill level 5 in Evocations
  5447 | Lair:2   | Reached skill level 14 in Polearms
  5448 | Lair:2   | Noticed Amaemon
  5456 | Lair:2   | Killed Amaemon
  5460 | Lair:2   | Reached XP level 12. HP: 98/103 MP: 13/13
  5624 | Lair:2   | Found a staircase to the Snake Pit.
  5632 | Lair:2   | Noticed a death yak
  5637 | Lair:2   | Noticed a death yak
  5637 | Lair:2   | Noticed a death yak
  5638 | Lair:2   | Noticed a death yak
  5638 | Lair:2   | Noticed a death yak
  5654 | Lair:2   | Killed a death yak
  5659 | Lair:2   | Killed a death yak
  5663 | Lair:2   | Killed a death yak
  5664 | Lair:2   | Reached skill level 15 in Polearms
  5665 | Lair:2   | Killed a death yak
  5669 | Lair:2   | Killed a death yak
  5670 | Lair:2   | Noticed a death yak
  5674 | Lair:2   | Killed a death yak
  5675 | Lair:2   | Reached skill level 10 in Fighting
  5712 | Lair:3   | Noticed an eight-headed hydra
  5712 | Lair:3   | Found a staircase to the Swamp.
  5720 | Lair:3   | Killed an eight-headed hydra
  5755 | Lair:3   | Noticed a boulder beetle
  5773 | Lair:3   | Killed a boulder beetle
  5774 | Lair:3   | Reached XP level 13. HP: 114/114 MP: 14/14
  5946 | Lair:3   | Noticed an eight-headed hydra
  5952 | Lair:3   | Killed an eight-headed hydra
  6071 | Lair:2   | Reached skill level 16 in Polearms
  6149 | Lair:3   | Reached skill level 5 in Dodging
  6331 | Lair:4   | Lost mutation: You are completely covered in iridescent
                  | scales. (AC +6) [Jiyva's grace]
  6331 | Lair:4   | Lost mutation: Your flesh is almost immune to the effects
                  | of cold. (rC+++) [Jiyva's grace]
  6331 | Lair:4   | Lost mutation: Your flesh is very cold resistant. (rC++)
                  | [Jiyva's grace]
  6331 | Lair:4   | Lost mutation: You are almost entirely resistant to further
                  | mutation and mutation removal. [Jiyva's grace]
  6331 | Lair:4   | Lost mutation: You passively map a large area around you.
                  | [Jiyva's grace]
  6331 | Lair:4   | Lost mutation: You are resistant to electric shocks.
                  | (rElec) [Jiyva's grace]
  6331 | Lair:4   | Gained mutation: You have a small jelly attached to you
                  | that may absorb projectiles. [Jiyva's grace]
  6331 | Lair:4   | Gained mutation: You have a pair of small horns on your
                  | head. [Jiyva's grace]
  6331 | Lair:4   | Gained mutation: You have a pair of horns on your head.
                  | [Jiyva's grace]
  6331 | Lair:4   | Gained mutation: You have a pair of large horns on your
                  | head. [Jiyva's grace]
  6413 | Lair:4   | Reached skill level 10 in Armour
  6577 | Lair:4   | Noticed a death yak
  6585 | Lair:4   | Killed a death yak
  6678 | Lair:5   | Entered Level 5 of the Lair of Beasts
  6783 | Lair:5   | Found a runed translucent door.
  6783 | Lair:5   | Noticed an azure jelly
  6785 | Lair:5   | Found a staircase to the Slime Pits.
  6785 | Lair:5   | Noticed an azure jelly
  6785 | Lair:5   | Noticed an azure jelly
  6796 | Lair:5   | Reached XP level 14. HP: 125/125 MP: 15/15
  6822 | Lair:5   | Reached skill level 17 in Polearms
  7166 | Lair:5   | Reached skill level 18 in Polearms
  7287 | Lair:5   | Lost mutation: You have a pair of large horns on your head.
                  | [Jiyva's grace]
  7287 | Lair:5   | Lost mutation: You have a pair of horns on your head.
                  | [Jiyva's grace]
  7287 | Lair:5   | Lost mutation: You are somewhat resistant to both further
                  | mutation and mutation removal. [Jiyva's grace]
  7287 | Lair:5   | Lost mutation: You have a small jelly attached to you that
                  | may absorb projectiles. [Jiyva's grace]
  7287 | Lair:5   | Gained mutation: Your flesh is very cold resistant. (rC++)
                  | [Jiyva's grace]
  7287 | Lair:5   | Gained mutation: Your flesh is almost immune to the effects
                  | of cold. (rC+++) [Jiyva's grace]
  7287 | Lair:5   | Gained mutation: Your rubbery body absorbs attacks. (AC +1,
                  | EV +1) [Jiyva's grace]
  7287 | Lair:5   | Gained mutation: Your pliable body absorbs attacks. (AC +2,
                  | EV +2) [Jiyva's grace]
  7304 | Slime:1  | Entered Level 1 of the Pits of Slime
  7304 | Slime:1  | Noticed a quicksilver ooze
  7304 | Slime:1  | Noticed an azure jelly
  7304 | Slime:1  | Noticed a rockslime
  7347 | Slime:1  | Noticed an acid blob
  7349 | Slime:1  | Noticed an acid blob
  7429 | Slime:2  | Noticed a rockslime
  7439 | Slime:2  | Noticed an acid blob
  7440 | Slime:2  | Noticed an acid blob
  7465 | Slime:1  | Noticed an acid blob
  7551 | Slime:3  | Noticed a quicksilver ooze
  7552 | Slime:3  | Noticed an azure jelly
  7556 | Slime:3  | Noticed an acid blob
  7572 | Slime:3  | Noticed an acid blob
  7717 | Slime:4  | Noticed an acid blob
  7724 | Slime:5  | Entered Level 5 of the Pits of Slime
  7724 | Slime:5  | Noticed a rockslime
  7739 | Slime:5  | Noticed an acid blob
  7752 | Slime:5  | Noticed an azure jelly
  7753 | Slime:5  | Found a viscous altar of Jiyva.
  7753 | Slime:5  | Noticed the Royal Jelly
  7753 | Slime:5  | Noticed an azure jelly
  7753 | Slime:5  | Noticed an azure jelly
  7753 | Slime:5  | Noticed an acid blob
  7754 | Slime:5  | Noticed an acid blob
  7754 | Slime:5  | Found the +8 mithril axe "Arga" {speed, Will+}
  7755 | Slime:5  | Noticed an acid blob
  7755 | Slime:5  | Noticed an acid blob
  7756 | Slime:5  | Noticed an acid blob
  7757 | Slime:5  | Noticed a quicksilver ooze
  7758 | Slime:5  | Noticed an acid blob
  7763 | Slime:5  | Identified the +7 shortbow of Ofucrail {heavy, rPois Int+4
                  | SInv}
  7765 | Slime:5  | Got a slimy rune of Zot
  7766 | Slime:5  | Identified the +4 chain mail "Upteitsa" {rElec Will+ Int-2}
  7789 | Slime:5  | Identified the +3 sling of the Dead {heavy, rElec rCorr
                  | Dex+3}
  7799 | Slime:5  | Identified the +4 trident of the Wary Geomancers {heavy,
                  | Str+3 Dex+5}
  7820 | Slime:5  | Noticed an acid blob
  8003 | Swamp:1  | Entered Level 1 of the Swamp
  8029 | Swamp:1  | Found a transporter.
  8029 | Swamp:1  | Noticed a profane servitor
  8029 | Swamp:1  | Noticed a tentacled starspawn
  8032 | Swamp:1  | Found a transporter.
  8037 | Swamp:1  | Noticed a white very ugly thing
  8041 | Swamp:1  | Noticed a green very ugly thing
  8045 | Swamp:1  | Noticed a bunyip
  8050 | Swamp:1  | Noticed an eleionoma
  8054 | Swamp:1  | Killed a bunyip
  8060 | Swamp:1  | Killed an eleionoma
  8071 | Swamp:1  | Noticed a tentacled starspawn
  8083 | Swamp:1  | Reached skill level 5 in Axes
  8137 | Swamp:1  | Reached XP level 15. HP: 111/134 MP: 16/16
  8156 | Swamp:1  | Noticed Jorgrun
  8165 | Swamp:1  | Killed Jorgrun
  8327 | Swamp:1  | Noticed seaoflcl's ghost (journeyman MiFi)
  8355 | Swamp:1  | Found a one-way gate to the infinite horrors of the Abyss.
  8527 | Swamp:2  | Reached skill level 10 in Axes
  8539 | Swamp:2  | Identified the +0 scale mail "Mueg" {Rampage rPois Int+2
                  | Dex+5}
  8858 | Swamp:2  | Identified the +0 robe of Trial and Error {Stlth+}
  8881 | Swamp:2  | Found a runed translucent gate.
  8881 | Swamp:2  | Noticed a tentacled monstrosity
  8882 | Swamp:2  | Noticed a ghoul
  8883 | Swamp:2  | Found a runed translucent gate.
  8883 | Swamp:2  | Noticed a thorn hunter
  8888 | Swamp:2  | Found a runed translucent gate.
  8888 | Swamp:2  | Noticed Renzlar's ghost (journeyman GnFi)
  8889 | Swamp:2  | Noticed a fenstrider witch
  8911 | Swamp:2  | Lost mutation: Your flesh is almost immune to the effects
                  | of cold. (rC+++) [Jiyva's grace]
  8911 | Swamp:2  | Gained mutation: You are strong-willed. (Will+) [Jiyva's
                  | grace]
  8911 | Swamp:2  | Gained mutation: You are highly strong-willed. (Will++)
                  | [Jiyva's grace]
  8911 | Swamp:2  | Gained mutation: You are extremely strong-willed. (Will+++)
                  | [Jiyva's grace]
  8911 | Swamp:2  | Gained mutation: You expend magic power (3 MP) to
                  | strengthen your wands. [Jiyva's grace]
  8978 | Swamp:3  | Reached skill level 1 in Ranged Weapons
  9055 | Swamp:3  | Reached XP level 16. HP: 58/144 MP: 17/17
  9360 | Swamp:4  | Entered Level 4 of the Swamp
  9411 | Swamp:4  | Noticed a fenstrider witch
  9457 | Swamp:4  | Killed a fenstrider witch
  9533 | Swamp:4  | Found the ring of the Mage {Wiz Archmagi}
  9581 | Swamp:4  | Identified the +2 hand axe "Tetutz" {heavy, rF++ rN+ Will+
                  | Str-3}
  9755 | Swamp:4  | Noticed a tentacled monstrosity
  9780 | Swamp:3  | Killed a tentacled monstrosity
  9981 | Swamp:4  | HP: 3/139 [poison (poison gas)]
  9982 | Swamp:3  | Succumbed to poison (poison gas)

Illustrated notes

Levels and vault maps discovered:
D:1:      saegor_arrival_simple_b, layout_loops_corners, minmay_pentomino_u4
D:2:      layout_basic, minmay_puff
D:3:      layout_rooms, nicolae_overflow_ecumenical_swirl, serial_aquarium,
          aquarium_bridge_long_separate [aquarium_subvault_window,
          aquarium_subvault_bridge, aquarium_subvault_wall,
          aquarium_subvault_bridge, aquarium_subvault_wall,
          aquarium_subvault_wall], aquarium_bridge_square
          [aquarium_subvault_bridge, aquarium_subvault_wall,
          aquarium_subvault_wall, aquarium_subvault_bridge], aquarium_window_1,
          aquarium_window_fake, aquarium_view_2d, aquarium_view_4,
          aquarium_balcony_double_4, serial_shops, shop,
          dilly_ecumenical_altar_fadedgnrine, minmay_fractal_squares_gapless_5,
          uniq_natasha, uniq_jessica
D:4:      layout_cave_pools, nicolae_overflow_crystal_walls,
          hangedman_decor_clover_reticule, minmay_checkerbox
D:5:      layout_loops_corners, tgw_fedhas, temple_hall
D:6:      kennysheep_windowed_halls, layout_basic,
          gammafunk_temple_overflow_wave, gup_sewer_entry_pipe, serial_shops,
          nicolae_shop_bloodbath_and_beyond, minmay_misc_feat_doors,
          uniq_eustachio
D:7:      layout_gridville, nicolae_ossuary_entry_catacombs
D:8:      layout_cave_pods, lemuel_tele_altar, trog_three_pillars_becter,
          special_room [special_room_orc], ebering_ghost_rock_garden
D:9:      layout_stronghold, xom_shifter_show, nicolae_hepliaklqana_hazy_memory,
          minmay_lair_entry_grove, minmay_orc_entry_guard_dogs,
          nicolae_zen_rock_garden
Lair:1:   layout_cave_pods, grunt_megastairs_4, lemuel_fruit_tree
Lair:2:   layout_loops_ring, minmay_snake_entry_six_corridors, minivault_19,
          grunt_megastairs_2, uniq_amaemon
Lair:3:   layout_regular_city, minmay_swamp_entry_reptiles, serial_forest,
          infiniplex_forest_clump_long, infiniplex_forest_clump_tiny,
          infiniplex_forest_join, infiniplex_forest_corner_1,
          infiniplex_forest_clump_curved, infiniplex_forest_lined_4_way,
          eino_small_chamber_without_monster
Lair:4:   layout_long_grid, beast_lair_carwin_7
Lair:5:   evilmike_catoblepas_cave, layout_misc_corridors, slime_entry_2
Swamp:1:  layout_basic_swamp, gammafunk_ghost_abyssal_escape,
          evilmike_swamp_ruin_house_1, infiniplex_staircase_pool, uniq_jorgrun
Swamp:2:  layout_falls_marsh, gammafunk_ghost_split,
          evilmike_swamp_ruin_house_3, swamp_pool4,
          nicolae_swamp_well_well_well, infiniplex_staircase_pool_2
Swamp:3:  layout_basic_swamp, nicolae_swamp_feature_on_the_river_bank
Swamp:4:  byrel_swamp_growth_death_and_undeath, layout_basic_swamp, swamp_pool5,
          nicolae_swamp_some_circles
Slime:1:  layout_caves
Slime:2:  layout_caves
Slime:3:  layout_caves, cheibrodos_slime_lost_civilization_6
Slime:4:  layout_caves, nicolae_slime_barrier
Slime:5

Skill      XL: |  1  2  3  4  5  6  7  8  9 10 11 12 13 14 15 16 |
---------------+-------------------------------------------------+-----
Axes           | 3 5 12 14 | 14.7
Armour         | 4 5 6 7 8 9 10 11 | 11.1
Shields        | 4 5 6 8 9 |  9.9
Fighting       | 4 5 6 7 8 10 11 12 13 | 13.8
Dodging        | 1 2 3 4 6 7 |  7.9
Polearms       | 1 2 5 9 12 14 15 16 18 | 18.1
Evocations     | 1 3 5 6 |  6.5
Stealth        | 1 2 3 4 |  4.4
Throwing       | 1 2 |  2.3
Ranged Weapons | 1 2 |  2.3

Action                     |  1- 3 |  4- 6 |  7- 9 | 10-12 | 13-15 | 16-18 || total
---------------------------+-------+-------+-------+-------+-------+-------++-------
  Melee: War axe           |    61 |    24 |       |       |       |       ||    85
         Spear             |       |    40 |   124 |   384 |   353 |    13 ||   914
         Headbutt          |       |       |       |       |   125 |    57 ||   182
         Broad axe         |       |       |       |       |   255 |   199 ||   454
   Fire: Sling             |       |       |       |       |    17 |    23 ||    40
  Throw: Dart              |       |       |     2 |     3 |     3 |       ||     8
 Invoke: Oozemancy         |       |       |       |     1 |     1 |       ||     2
  Evoke: Wand              |       |       |       |     3 |     2 |       ||     5
         Phantom mirror    |       |       |       |     1 |       |       ||     1
    Use: Scroll            |       |       |     4 |     4 |     2 |     2 ||    12
         Potion            |       |       |       |     1 |     1 |     7 ||     9
   Stab: Distracted        |       |     1 |     2 |     8 |     6 |       ||    17
 Armour: Scale mail        |    32 |    21 |     4 |       |       |       ||    57
         Chain mail        |       |       |    44 |     1 |   132 |   157 ||   334
         Ring mail         |       |       |       |    58 |    66 |       ||   124
  Dodge: Dodged            |    30 |    15 |    16 |    51 |   162 |    97 ||   371
  Block: Buckler           |    16 |    17 |    18 |    32 |   131 |    73 ||   287
         Reflection        |       |       |       |     1 |     1 |     1 ||     3
